 Dungeon Crawl Stone Soup version 0.29.1-4-g47bece8355 (webtiles) character file.

Game seed: 3387271494109890294

17 mester the Conjurer (level 2, 0/20 HPs)
             Began as a Draconian Conjurer on Dec 2, 2022.
             Slain by a scorpion (1 damage)
             ... on level 2 of the Dungeon.
             The game lasted 00:05:29 (1518 turns).

mester the Conjurer (Draconian Conjurer)            Turns: 1518, Time: 00:05:30

Health: 0/20       AC:  4    Str:  9    XL:     2   Next: 44%
Magic:  0/5        EV: 12    Int: 18    God:
Gold:   91         SH:  0    Dex:  9    Spells: 4/5 levels left

rFire   . . .      SeeInvis .   l - +0 whip
rCold   . . .      Faith    .   (no shield)
rNeg    + . .      Spirit   .   (body armour unavailable)
rPois   .          Reflect  .   (helmet restricted)
rElec   .          Harm     .   (no cloak)
rCorr   .          Rampage  .   (no gloves)
Will    .....                   (no boots)
Stlth   ++........              (no amulet)
HPRegen 0.06/turn               b - ring of positive energy
MPRegen 0.09/turn               (no ring)

@: lethally poisoned (0 -> -12), very slightly contaminated
A: AC +4, unfitting armour, cold-blooded
a: no special abilities


You were on level 2 of the Dungeon.
You visited 1 branch of the dungeon, and saw 2 of its levels.

You collected 91 gold pieces.

Inventory:

Hand Weapons
 l - a +0 whip (weapon)
Missiles
 j - 5 poisoned darts
Jewellery
 b - a ring of positive energy (left hand)
Scrolls
 d - a scroll of brand weapon {unknown}
 g - a scroll of torment {unknown}
 h - a scroll of blinking {unknown}
 i - a scroll of enchant armour {unknown}
 m - a scroll of enchant weapon {unknown}
 n - a scroll of identify {unknown}
Potions
 a - a potion of magic
 c - a potion of haste {unknown}
 e - 3 potions of curing {unknown}
 f - a potion of degeneration {unknown}
 k - a potion of attraction {unknown}
 o - 3 potions of invisibility {unknown}


   Skills:
 + Level 2.0 Dodging
 + Level 2.0 Stealth
 + Level 2.0 Spellcasting
 + Level 4.5 Conjurations


You had 4 spell levels left.
You knew the following spells:

 Your Spells              Type           Power      Damage    Failure   Level
a - Magic Dart            Conj           72%        1d6       2%          1

Your spell library contained the following spells:

 Spells                   Type           Power      Damage    Failure   Level
 Searing Ray              Conj           36%        2d5       4%          2
 Dazzling Flash           Conj/Hex       18%        N/A       22%         3
 Blink                    Tloc           2%         N/A       26%         2
 Lesser Beckoning         Tloc           1%         N/A       47%         3
 Fulminant Prism          Conj/Hex       4%         3d6       56%         4
 Iskenderun's Mystic Bla  Conj/Tloc      9%         2d4       56%         4
 Manifold Assault         Tloc           1%         N/A       99%         5


Dungeon Overview and Level Annotations

Branches:
Dungeon (2/15)

Altars:


Innate Abilities, Weirdness & Mutations

Your plain brown scales are hard. (AC +4)
You cannot fit into any form of body armour.
You are cold-blooded and may be slowed by cold attacks.


Message History

Found a scroll labelled OSAAMAUHOHA.
A scorpion comes into view.
o - 3 clear potions The magic dart hits the scorpion.
The scorpion is lightly wounded.
The magic dart hits the scorpion but does no damage.
The scorpion is lightly wounded.
The scorpion stings you.
You are poisoned.
The scorpion poisons you!
The magic dart hits the scorpion but does no damage.
The scorpion is lightly wounded.
You feel sick.
The scorpion stings you but does no damage.
You miscast Magic Dart.
You are very lightly contaminated with residual magic.
Nothing appears to happen.
You feel sick. The scorpion closely misses you. x2
The magic dart hits the scorpion.
The scorpion is lightly wounded.
You feel sick. The scorpion barely misses you.
You are out of magic!
You are out of magic!
You are out of magic!
You are out of magic!
You are out of magic!
You hit the scorpion but do no damage.
The scorpion is lightly wounded.
You feel sick. The scorpion stings you.
You barely miss the scorpion.
The scorpion is lightly wounded.
You feel sick. The scorpion stings you.
* * * LOW HITPOINT WARNING * * *
You are lethally poisoned!
The scorpion poisons you!
You hit the scorpion.
The scorpion is moderately wounded.
* * * LOW HITPOINT WARNING * * *
You feel very sick. The scorpion closely misses you. The scorpion stings you.
You die...

###...#######..#.#
###.....#...>..#
##.............#
#...............
#...............
####...............
#..#.......[.......
#.................
###.@.............
####s............#
#?....[.(.#.....##
#.#..############ #
#.## .. .## .# ..


You could see a scorpion.

Vanquished Creatures
  2 dart slugs
  A giant cockroach (D:1)
  2 hobgoblins (D:1)
  A kobold (D:2)
  2 ball pythons
  A bat (D:1)
  3 frilled lizards
  A goblin (D:2)
  A rat (D:1)
14 creatures vanquished.

Notes
Turn   | Place    | Note
-------+----------+-------------------------------------------
     0 | D:1      | mester the Draconian Conjurer began the quest for the Orb.
     0 | D:1      | Reached XP level 1. HP: 14/14 MP: 3/3
   458 | D:1      | Found a faded altar of an unknown god.
   820 | D:1      | Reached XP level 2. HP: 20/20 MP: 3/5
  1504 | D:2      | Noticed a scorpion
  1518 | D:2      | HP: 1/20 [poisoned by a scorpion]
  1518 | D:2      | Slain by a scorpion

Illustrated notes

Levels and vault maps discovered:
D:1:      dpeg_arrival_ternary, layout_basic,
          shapermc_ecumenical_altar_starsandcircs, serial_glass,
          glass_columns_a, glass_columns_a
D:2:      layout_rooms, serial_curves, eino_curves_01, eino_curves_01,
          bh_walls_and_bars

Skill      XL: |  1  2 |
---------------+-------+-----
Dodging        | 2 |  2.0
Stealth        | 2 |  2.0
Spellcasting   | |  2.0
Conjurations   | |  4.5

Action                   || total
-------------------------++-------
Melee: Unarmed           ||     3
       Whip              ||     3
 Cast: Magic Dart        ||    32
Armor: Skin              ||     1
Dodge: Dodged            ||    10
